 Dungeon Crawl Stone Soup version 0.28-a0-779-g3d1f99b579 (webtiles) character file.

Game seed: 5787796007740318904

336 pokeman the Magician (level 6, -1/35 HPs)
             Began as a Deep Elf Hedge Wizard on Nov 2, 2021.
             Succumbed to a kobold brigand's curare-tipped dart
             ... while paralysed by Grinder
             ... in a sewer.
             The game lasted 00:09:47 (4963 turns).

pokeman the Magician (Deep Elf Hedge Wizard)        Turns: 4963, Time: 00:09:48

Health: -1/35      AC:  4    Str:  7      XL:     6   Next: 28%
Magic:  2/17       EV:  2    Int: 21      God:
Gold:   111        SH:  0    Dex: 17 (20) Spells: 7/18 levels left

rFire   . . .      SeeInvis .   b - +2 whip (elec)
rCold   . . .      Faith    .   (no shield)
rNeg    . . .      Spirit   .   h - +0 leather armour
rPois   .          Reflect  .   i - +0 helmet
rElec   .          Harm     .   (no cloak)
rCorr   .          Rampage  .   (no gloves)
Will    .....                   (no boots)
Stlth   ++........              (no amulet)
HPRegen 0.11/turn               p - +6 ring of dexterity
MPRegen 0.15/turn               (no ring)

@: paralysed, lethally poisoned (-1 -> -13), on blink cooldown, slowed
A: no striking features
a: no special abilities


You were in a sewer.
You visited 1 branch of the dungeon, and saw 4 of its levels.
You also visited: Sewer.

You collected 111 gold pieces.

Inventory:

Hand Weapons
 b - a +2 whip of electrocution (weapon)
Missiles
 g - 22 arrows
 j - 13 bolts
Armour
 h - a +0 leather armour (worn)
 i - a +0 helmet (worn)
Jewellery
 c - an amulet of faith
 p - a +6 ring of dexterity (left hand)
Scrolls
 a - 3 scrolls of amnesia {unknown}
 d - a scroll of magic mapping {unknown}
 k - a scroll of acquirement {unknown}
 o - a scroll of immolation {unknown}
Potions
 e - 2 potions of curing
 f - a potion of brilliance {unknown}
 l - 2 potions of heal wounds {unknown}
 m - a potion of might {unknown}
 n - a potion of flight {unknown}


   Skills:
 - Level 2.0 Fighting
 - Level 2.0 Armour
 - Level 2.6 Dodging
 - Level 2.4 Stealth
 - Level 6.9 Spellcasting
 + Level 3.2 Conjurations
 - Level 1.1 Summonings
 - Level 1.1 Translocations
 - Level 0.5 Fire Magic


You had 7 spell levels left.
You knew the following spells:

 Your Spells              Type           Power      Damage    Failure   Level
a - Magic Dart            Conj           80%        1d7       3%          1
b - Mephitic Cloud        Conj/Pois/Air  11%        N/A       26%         3
c - Call Imp              Summ           11%        N/A       13%         2
d - Blink                 Tloc           22%        N/A       13%         2
e - Conjure Flame         Conj/Fire      15%        6-21      19%         3

Your spell library contained the following spells:

 Spells                   Type           Power      Damage    Failure   Level
 Slow                     Hex            28%        N/A       13%         1


Dungeon Overview and Level Annotations

Branches:
Dungeon (4/15)              Sewer (1/1)
 Temple: D:4-7

Altars:
Ru
Sif Muna

Annotations:
Sewer Grinder


Message History

Aiming: Mephitic Cloud (quite dangerous; 26% risk of failure)
Press: ? - help, Shift-Dir - straight line, f - kobold brigand, p - Grinder
Aim: a kobold brigand, wielding a +0 whip and quivering curare-tipped darts (chance to affect: 77%)
The ball explodes into a vile cloud!
The stinking cloud engulfs the kobold brigand but does no damage.
The stinking cloud engulfs Grinder but does no damage.
Grinder is almost dead.
* * * LOW HITPOINT WARNING * * *
You feel very sick.
You hear a shout! x2; You hear a chilling moan.
The kobold brigand is engulfed in noxious fumes.
Grinder grins, showing sharp teeth.
Grinder blinks!
The kobold brigand hits you with a +0 whip.
* * * LOW HITPOINT WARNING * * *
Unknown command.
It was a potion of curing.
You feel better. Grinder misses you.
The kobold brigand hits you with a +0 whip.
* * * LOW HITPOINT WARNING * * *
Grinder barely misses you.
Unknown command.
Casting: Mephitic Cloud (quite dangerous; 26% risk of failure)
Confirm with . or Enter, or press ? or * to list all spells.
Aiming: Magic Dart (safe; 3% risk of failure)
Press: ? - help, Shift-Dir - straight line, f - Grinder, p - kobold brigand
Aim: Grinder (almost dead, 100% to hit)
Okay, then.
Unknown command.
Casting: Magic Dart (safe; 3% risk of failure)
Confirm with . or Enter, or press ? or * to list all spells.
You blink.
Grinder gestures at you.
You suddenly lose the ability to move!
The kobold brigand throws a curare-tipped dart.
The curare-tipped dart hits you.
You are lethally poisoned!
You have difficulty breathing.
* * * LOW HITPOINT WARNING * * *
You feel as though you will be slow longer.
You die...

#≈≈≈≈≈≈≈...#≈≈≈≈≈≈#
#≈≈≈≈≈≈#...#≈≈≈≈≈≈#
#≈≈≈≈≈≈#...≈≈≈≈≈≈≈#
#≈≈≈≈≈≈#...#)≈≈≈≈≈#
#≈≈≈≈≈...≈....≈≈≈≈#
#.≈≈≈..#≈≈≈#..≈)≈≈#
#)..÷.)#≈≈≈#......#
#'#######≈#######'#
#))....#...#...@..#
#.≈≈≈≈≈..5..≈≈≈≈.≈≈..≈#
#≈≈≈≈≈≈#.K.#≈≈≈≈≈≈#≈≈≈#
#########'#############
###...### #####
≈#...§...#≈≈≈≈≈≈
..'.......'......
...'.§._.§.'......
...'.......'......


You could see Grinder and a kobold brigand.

Vanquished Creatures
  An ogre (D:3)
  A quasit (Sewer)
  Robin (D:2)
  2 adders
  3 river rats (D:4)
  4 shadow imps (Sewer)
  4 ufetubi (Sewer)
  An adder skeleton (D:2)
  A worm (D:4)
  3 dart slugs
  7 endoplasms
  3 giant cockroaches (Sewer)
  14 goblins
  7 hobgoblins
  17 kobolds
  5 quokkas
  9 ball pythons
  8 bats
  2 frilled lizards
  2 kobold zombies (Sewer)
  6 rats
101 creatures vanquished.

Notes
Turn   | Place    | Note
-------+----------+-------------------------------------------
     0 | D:1      | pokeman the Deep Elf Hedge Wizard began the quest for the
                  | Orb.
     0 | D:1      | Reached XP level 1. HP: 10/10 MP: 7/7
   173 | D:1      | Reached XP level 2. HP: 16/16 MP: 6/9
   375 | D:1      | Found a faded altar of an unknown god.
   888 | D:1      | Reached skill level 5 in Spellcasting
  1141 | D:1      | Reached XP level 3. HP: 20/20 MP: 9/11
  1145 | D:1      | Learned a level 3 spell: Mephitic Cloud
  1148 | D:1      | Learned a level 2 spell: Call Imp
  1151 | D:1      | Learned a level 2 spell: Blink
  1157 | D:1      | Learned a level 3 spell: Conjure Flame
  1723 | D:2      | Reached skill level 1 in Fighting
  1799 | D:2      | Noticed Robin
  1808 | D:2      | Killed Robin
  1809 | D:2      | Reached skill level 1 in Armour
  2034 | D:2      | Reached XP level 4. HP: 25/25 MP: 4/13
  2759 | D:3      | Found a sacrificial altar of Ru.
  2858 | D:3      | Noticed an ogre
  2870 | D:3      | Killed an ogre
  2871 | D:3      | Reached skill level 6 in Spellcasting
  2871 | D:3      | Reached XP level 5. HP: 30/30 MP: 6/15
  3218 | D:3      | Found a shimmering blue altar of Sif Muna.
  3935 | D:4      | Found a glowing drain.
  3981 | Sewer    | Entered a sewer
  4474 | Sewer    | Reached XP level 6. HP: 29/35 MP: 11/17
  4784 | Sewer    | Found a burning altar of Makhleb.
  4792 | Sewer    | Noticed Grinder
  4962 | Sewer    | Paralysed by Grinder for 4 turns
  4963 | Sewer    | Succumbed to a kobold brigand's curare-tipped dart

Illustrated notes

Levels and vault maps discovered:
D:1:      scummos_arrival_star, layout_rooms,
          shapermc_ecumenical_altar_mp_highgroup, bh_walls_and_bars
D:2:      layout_basic, uniq_robin
D:3:      layout_loops_cross, led_sif_pool, mainiacjoe_overflow_catwalk,
          kennysheep_nub
D:4:      layout_gridville, lightli_sewer_entry_pipes, serial_bayou_lagoon_b
Sewer:    kennysheep_sewer_church

Skill      XL: |  1  2  3  4  5  6 |
---------------+-------------------+-----
Spellcasting   | 5 6 |  6.9
Fighting       | 1 2 |  2.0
Armour         | 1 2 |  2.0
Conjurations   | 2 3 |  3.2
Dodging        | |  2.6
Stealth        | |  2.4
Summonings     | |  1.1
Translocations | |  1.1
Fire Magic     | |  0.5

Action                   |  1- 3 |  4- 6 || total
-------------------------+-------+-------++-------
Melee: Mace              |     3 |       ||     3
       Dagger            |     9 |       ||     9
       Whip              |       |    57 ||    57
 Cast: Magic Dart        |   108 |   138 ||   246
       Mephitic Cloud    |     1 |     6 ||     7
       Conjure Flame     |     1 |     2 ||     3
       Blink             |       |     1 ||     1
       Call Imp          |       |     1 ||     1
  Use: Potion            |       |     1 ||     1
 Stab: Confused          |       |     1 ||     1
       Sleeping          |       |     1 ||     1
Armor: Robe              |     3 |       ||     3
       Leather armour    |     2 |    42 ||    44
Dodge: Dodged            |    18 |    81 ||    99

Table legend: (Time is in decaauts)
 A = Elapsed time spent in this place.
 B = Non-inter-level travel time spent in this place.
 C = Inter-level travel time spent in this place.
 D = Time resting spent in this place.
 E = Time spent auto-exploring this place.
 F = Levels seen in this place.
 G = Mean time per level.
                   A        B        C        D        E       F      G
               +--------+--------+--------+--------+--------+-----+--------+
         Total |   4991 |   4819 |    172 |    357 |   3537 |   5 |  998.2 |
       Dungeon |   4001 |   3829 |    172 |     98 |   2995 |   4 | 1000.2 |
         Sewer |    990 |    990 |      0 |    259 |    542 |   1 |  990.0 |
               +--------+--------+--------+--------+--------+-----+--------+

Top non-repeatable levels by time:
     D:1: 1410 daAuts
     D:2: 1313 daAuts
   Sewer: 990 daAuts
     D:3: 869 daAuts
     D:4: 407 daAuts
